 Dungeon Crawl Stone Soup version 0.27.1-33-g824d729ab1 (webtiles) character file.

Game seed: 3636055555656787396

512 lordive the Shooter (level 7, -4/40 HPs)
             Began as a Tengu Hunter on Dec 27, 2021.
             Succumbed to a scorpion's poison
             ... on level 4 of the Dungeon.
             The game lasted 00:05:44 (4543 turns).

lordive the Shooter (Tengu Hunter)                  Turns: 4543, Time: 00:05:44

Health: -4/40      AC:  3    Str: 15    XL:     7   Next: 19%
Magic:  8/8        EV: 15    Int: 11    God:
Gold:   167        SH:  0    Dex: 14    Spells: 6/6 levels left

rFire    + . .     SeeInvis .   o - +0 dagger (flame)
rCold    . . .     Faith    .   (no shield)
rNeg     . . .     Spirit   .   f - +0 leather armour {rF+}
rPois    .         Reflect  .   (helmet restricted)
rElec    .         Harm     .   (no cloak)
rCorr    .         Rampage  .   (no gloves)
Will     .....                  (boots unavailable)
Stlth    ++........             (no amulet)
HPRegen  0.13/turn              (no ring)
MPRegen  0.11/turn              (no ring)

@: brilliant, lethally poisoned (-4 -> -23), flying quickly and evasively, quick
A: beak, talons 3, nimble flight
a: no special abilities


You were on level 4 of the Dungeon.
You visited 1 branch of the dungeon, and saw 4 of its levels.

You collected 167 gold pieces.

Inventory:

Hand Weapons
 a - a +1 shortbow
 b - a +0 short sword
 o - a +0 dagger of flaming (weapon)
Missiles
 d - 14 arrows
Armour
 f - a +0 leather armour of fire resistance (worn)
 i - a +0 kite shield
 j - a +0 scale mail
Scrolls
 c - a scroll of enchant weapon {unknown}
 e - 4 scrolls of identify {unknown}
 g - 2 scrolls of teleportation {unknown}
 h - a scroll of brand weapon {unknown}
Potions
 l - a potion of degeneration {unknown}
 m - a potion of curing {unknown}
 n - a potion of mutation {unknown}


   Skills:
 + Level 2.6 Fighting
 * Level 7.8 Bows
 + Level 3.0 Armour
 + Level 3.0 Dodging
 + Level 2.1 Stealth


You had 6 spell levels left.
You didn't know any spells.
Your spell library contained the following spells:

 Spells                   Type           Power      Damage    Failure   Level
 Ensorcelled Hibernation  Hex/Ice        0%         N/A       54%         2
 Gell's Gravitas          Tloc           0%         N/A       78%         3
 Ignite Poison            Fire/Tmut/Pois 0%         N/A       78%         3
 Lesser Beckoning         Tloc           0%         N/A       78%         3
 Mephitic Cloud           Conj/Pois/Air  0%         N/A       78%         3
 Spider Form              Tmut/Pois      0%         N/A       78%         3
 Teleport Other           Tloc           0%         N/A       78%         3
 Bolt of Magma            Conj/Fire/Erth 0%         4d4       100%        5
 Shadow Creatures         Summ           N/A        N/A       100%        6


Dungeon Overview and Level Annotations

Branches:
Dungeon (4/15)
 Temple: D:4-7

Altars:
Qazlal


Innate Abilities, Weirdness & Mutations

You have a beak for a mouth.
You have claws for feet.
Your magical nature lets you fly swiftly and evasively.


Message History

The scorpion is lightly wounded.
The scorpion barely misses you.
You hit the scorpion. You burn the scorpion.
The scorpion is heavily wounded.
The scorpion stings you. x2
You hit the scorpion but do no damage.
You claw the scorpion, but do no damage.
Your peck misses the scorpion.
The scorpion is heavily wounded.
The scorpion barely misses you.
You hit the scorpion but do no damage.
The scorpion is heavily wounded.
The scorpion closely misses you.
You hit the scorpion but do no damage. You claw the scorpion!
You peck the scorpion.
The scorpion is almost dead.
The scorpion barely misses you.
You barely miss the scorpion.
The scorpion is almost dead.
The scorpion misses you.
You hit the scorpion but do no damage.
The scorpion is almost dead.
The scorpion stings you!
You are lethally poisoned!
The scorpion poisons you! The scorpion stings you.
* * * LOW HITPOINT WARNING * * *
Okay, then.
You hit the scorpion but do no damage.
You claw the scorpion, but do no damage.
Your peck misses the scorpion.
The scorpion is almost dead.
* * * LOW HITPOINT WARNING * * *
You feel very sick. The scorpion stings you.
* * * LOW HITPOINT WARNING * * *
You are more poisoned.
The scorpion poisons you!
It was a potion of brilliance.
You feel clever all of a sudden.
You die...

#.# ##.#.#.###.#
#. #.# ##.##.#
#.###. #.# #.##.#
#..... #.#
#.##.###.###. #.#
#.##....#.... #.#
########
#.######.####
#.#########......#
#.# #.# #
#...........####.#
#.# #.####
############# #@#
#.# #..... #s#
#.#### #.# #.# #
########### #.#
#.#### ..........#
#.. ..##..
#########.# ###
#.. #.# #.. #.#
##. #.# #### #.


You could see a scorpion.

Vanquished Creatures
  Sigmund (D:4)
  A necrophage (D:2)
  An ogre (D:4)
  Natasha (D:2)
  Terence (D:3)
  3 adders
  4 gnolls (D:2)
  An ufetubus (D:4)
  2 worms
  2 orcs (D:3)
  4 ball pythons
  6 bats
  4 endoplasms
  3 giant cockroaches
  7 goblins
  4 hobgoblins
  3 jackals (D:1)
  4 quokkas
  3 frilled lizards
  4 kobolds
  A rat (D:1)
60 creatures vanquished.

Notes
Turn   | Place    | Note
-------+----------+-------------------------------------------
     0 | D:1      | lordive the Tengu Hunter began the quest for the Orb.
     0 | D:1      | Reached XP level 1. HP: 12/12 MP: 2/2
    75 | D:1      | Reached XP level 2. HP: 11/17 MP: 3/3
   351 | D:1      | Reached skill level 5 in Bows
   937 | D:1      | Reached XP level 3. HP: 21/21 MP: 4/4
  1398 | D:2      | Reached XP level 4. HP: 15/26 MP: 5/5
  1937 | D:2      | Noticed Natasha
  1945 | D:2      | Killed Natasha
  1946 | D:2      | Reached skill level 6 in Bows
  1946 | D:2      | Reached skill level 1 in Armour
  2256 | D:2      | Noticed a necrophage
  2272 | D:2      | Killed a necrophage
  2273 | D:2      | Gained mutation: Your magical nature lets you fly swiftly
                  | and evasively. [Tengu growth]
  2273 | D:2      | Reached XP level 5. HP: 19/30 MP: 6/6
  2385 | D:2      | You are sucked into a shaft and drop 1 floor!
  2614 | D:3      | Noticed Terence
  2645 | D:3      | Killed Terence
  2646 | D:3      | Reached XP level 6. HP: 27/35 MP: 7/7
  3756 | D:4      | Noticed Sigmund
  3777 | D:4      | Killed Sigmund
  3778 | D:4      | Reached skill level 7 in Bows
  4364 | D:4      | Found a stormy altar of Qazlal.
  4408 | D:4      | Reached XP level 7. HP: 40/40 MP: 8/8
  4542 | D:4      | HP: 1/40 [scorpion (6)]
  4543 | D:4      | Succumbed to a scorpion's poison

Illustrated notes

Levels and vault maps discovered:
D:1:      dpeg_arrival_leaves_temple_mockup, layout_basic, minmay_tripent
D:2:      layout_loops_ring, uniq_natasha
D:3:      layout_loops_cross, uniq_terence
D:4:      layout_loops_ring, lemuel_round_altar, minmay_surrounded, uniq_sigmund

Skill      XL: |  1  2  3  4  5  6 |
---------------+-------------------+-----
Bows           | 5 6 7 |  7.8
Armour         | 2 3 |  3.0
Stealth        | 2 |  2.1
Dodging        | 3 |  3.0
Fighting       | |  2.6

Action                   |  1- 3 |  4- 6 |  7- 9 || total
-------------------------+-------+-------+-------++-------
Melee: Short sword       |    63 |    99 |       ||   162
       Peck              |     8 |    20 |     1 ||    29
       Kick              |     9 |    24 |     3 ||    36
       Dagger            |       |       |    10 ||    10
 Fire: Shortbow          |    12 |    50 |       ||    62
  Use: Potion            |       |       |     1 ||     1
 Stab: Sleeping          |     1 |     3 |       ||     4
Armor: Leather armour    |    29 |    20 |       ||    49
Dodge: Dodged            |    39 |    80 |     5 ||   124
